 Dungeon Crawl Stone Soup version 0.25-a0-834-g55863b0b92 (webtiles) character file.

Game seed: 16603971624090500333, levelgen mode: deterministic

11708 Arvaldir the Geomancer (level 11, -7/64 HPs)
             Began as a Gargoyle Earth Elementalist on Apr 22, 2020.
             Was an Elder of Vehumet.
             Mangled by a polar bear (12 damage)
             ... in an ice cave.
             The game lasted 00:27:15 (11799 turns).

Arvaldir the Geomancer (GrEE)                      Turns: 11799, Time: 00:27:15

Health: -7/64      AC: 13    Str: 12    XL:     11   Next: 82%
Magic:  9/22       EV: 15    Int: 22    God:    Vehumet [****..]
Gold:   844        SH:  0    Dex: 15    Spells: 16/25 levels left

rFire    . . .     SeeInvis .   i - +1 short sword (venom)
rCold    . . .     Gourm    +   (no shield)
rNeg     + . .     Faith    .   c - +1 robe
rPois    ∞         Spirit   .   (no helmet)
rElec    +         Reflect  .   h - +1 cloak
rCorr    .         Harm     .   (no gloves)
MR       .....                  (no boots)
Stlth    ++........             t - amulet of the gourmand
HPRegen  0.20/turn              D - +3 ring of intelligence
MPRegen  0.18/turn              C - +5 ring of dexterity

@: no status effects
A: negative energy resistance 1, electricity resistance, unbreathing,
petrification resistance, rot immunity, AC +8
a: Renounce Religion


You were in an ice cave.
You worshipped Vehumet.
Vehumet was greatly pleased with you.
You were completely stuffed.

You visited 2 branches of the dungeon, and saw 12 of its levels.
You also visited: Sewer and Ice Cave.

You collected 844 gold pieces.

Inventory:

Hand Weapons
 i - a +1 short sword of venom (weapon)
 n - a +3 quarterstaff of protection
 G - a +0 morningstar of flaming
Missiles
 b - 168 stones (quivered)
Armour
 c - a +1 robe (worn)
 h - a +1 cloak (worn)
Jewellery
 o - an uncursed amulet of rage
 t - an amulet of the gourmand (around neck)
 u - an uncursed ring of resist corrosion
 C - a +5 ring of dexterity (right hand)
 D - a +3 ring of intelligence (left hand)
 E - a +4 ring of dexterity
Wands
 f - a wand of polymorph (7)
 j - a wand of iceblast (9)
 q - a wand of disintegration (13)
 y - a wand of flame (8)
 F - a wand of paralysis (15)
Scrolls
 l - 3 scrolls of remove curse
 s - 3 scrolls of magic mapping
 w - 6 scrolls of teleportation
 x - a scroll of fear
 A - 2 scrolls of amnesia
Potions
 a - 5 potions of haste
 e - 6 potions of curing
 g - 4 potions of stabbing
 k - a potion of might
 m - 3 potions of flight
 p - 2 potions of brilliance
 r - a potion of resistance
 v - 5 potions of lignification
 z - 3 potions of invisibility
 B - 2 potions of heal wounds
Comestibles
 d - 20 rations
 H - 2 chunks of flesh


   Skills:
 + Level 6.1 Fighting
 + Level 5.4 Maces & Flails
 - Level 6.0 Armour
 + Level 4.9 Dodging
 - Level 2.1 Stealth
 + Level 7.5 Spellcasting
 + Level 8.3 Conjurations
   Level 0.7 Transmutations
 + Level 10.0 Earth Magic
 + Level 5.1 Evocations


You had 16 spell levels left.
You knew the following spells:

 Your Spells              Type           Power        Failure   Level  Hunger
a - Sandblast             Erth           ######       1%          1    None
b - Stone Arrow           Conj/Erth      #####.       1%          3    None
c - Lee's Rapid Deconstr  Erth           ######....   1%          5    #####..

Your spell library contained the following spells:

 Spells                   Type           Power        Failure   Level  Hunger
 Iskenderun's Battlesphe  Conj/Chrm      ####....     11%         5    #####..
 Passwall                 Tmut/Erth      ####....     1%          2    None
 Animate Skeleton         Necr           N/A          8%          1    None
 Apportation              Tloc           #.....       8%          1    None
 Corona                   Hex            #......      8%          1    None
 Summon Small Mammal      Summ           #...         8%          1    None
 Petrify                  Tmut/Erth      ####....     9%          4    ###....


Dungeon Overview and Level Annotations

Branches:
Dungeon (11/15)            Temple (1/1) D:5            Lair (0/6) D:8
    Orc (0/2) D:10          Sewer (visited)           IceCv (1/1)

Altars:
Dithmenos
Elyvilon
Fedhas
Gozag
Hepliaklqana
Kikubaaqudgha
Makhleb
Ru
Trog
Vehumet
Xom
Yredelemnul
Zin

Shops:
D:8 %   D:10 [


Innate Abilities, Weirdness & Mutations

You are resistant to torment.
Your stone body is resilient. (AC +8)
You are immune to poison.
You resist negative energy. (rN+)
You are resistant to electric shocks. (rElec)
You can survive without breathing.
You are immune to petrification.
You are immune to rotting.


Message History

The blast of sand hits the polar bear.
The polar bear is almost dead.
b - 169 stones The polar bear closely misses you. x2
The polar bear claws you but does no damage.
The polar bear bites you!!
* * * LOW HITPOINT WARNING * * *
The polar bear claws you.
* * * LOW HITPOINT WARNING * * *
The polar bear claws you but does no damage.
Casting: Sandblast (safe; 1% risk of failure)
Confirm with . or Enter, or press ? or * to list all spells.
Aiming: Sandblast (safe; 1% risk of failure)
Press: ? - help, Shift-Dir - straight line, f/p - polar bear
Aim: a polar bear (almost dead, berserk, fast, unusually strong)
The blast of sand hits the polar bear.
The polar bear is almost dead.
b - 168 stones The polar bear bites you!
You die...

#### #### ##..##
##†.#####....##
#.h@.##..÷....#
......#.......∩.∩.#
..... ##..........#
...# ##..##....##
.. ######..## .
####


You could see a polar bear (berserk).

Vanquished Creatures
  Erolcha (D:9)
  Pikel (D:4)
  Joseph (D:10)
  Psyche (D:8)
  A komodo dragon (D:8)
  2 ice devils (D:11)
  2 trolls (D:9)
  3 polar bears (IceCv)
  Sigmund (D:3)
  A spriggan (D:10)
  6 yaks
  A wyvern (D:10)
  A hungry ghost (D:9)
  2 water moccasins
  An acid dragon (D:11)
  Duvessa (D:4)
  7 orc warriors
  An eye of draining (D:5)
  2 sky beasts
  A phantom (D:4)
  2 slaves (D:4)
  4 black bears
  2 ice beasts
  10 ogres
  5 wolves (IceCv)
  6 centaurs
  2 big kobolds
  7 bullfrogs
  Dowan (D:4)
  2 scorpions (D:6)
  2 jellies
  10 killer bees
  A howler monkey (D:5)
  4 crimson imps
  2 centaur zombies
  A quasit (D:10)
  7 orc priests
  A bullfrog skeleton (D:9)
  5 hounds
  A centaur skeleton (D:4)
  A gnoll shaman (D:6)
  7 iguanas
  5 orc wizards
  5 worker ants
  A hound zombie (D:8)
  A hound skeleton (D:9)
  10 gnolls
  12 adders
  2 shadow imps
  3 oozes (Sewer)
  3 adder zombies
  An adder skeleton (D:5)
  6 worms
  A dart slug (D:1)
  6 leopard geckos
  48 orcs
  14 bats
  3 giant cockroaches
  5 goblins
  3 hobgoblins
  9 jackals
  14 kobolds
  3 quokkas
  4 ball pythons
  4 frilled lizards
  A jackal skeleton (D:9)
  A quokka skeleton (D:7)
  2 quokka zombies
  6 rats
293 creatures vanquished.

Vanquished Creatures (others)
  An orc wizard (D:11)
  3 plants (D:8)
4 creatures vanquished.

Grand Total: 297 creatures vanquished

Notes
Turn   | Place    | Note
-------+----------+-------------------------------------------
     0 | D:1      | Arvaldir the Gargoyle Earth Elementalist began the quest
                  | for the Orb.
     0 | D:1      | Reached XP level 1. HP: 10/10 MP: 3/3
   446 | D:1      | Reached skill level 4 in Earth Magic
   446 | D:1      | Reached XP level 2. HP: 15/15 MP: 3/5
  1184 | D:2      | Reached XP level 3. HP: 18/19 MP: 6/6
  1189 | D:2      | Learned a level 3 spell: Stone Arrow
  1301 | D:2      | Found a shimmering altar of Xom.
  1302 | D:2      | Found a shimmering altar of Xom.
  1303 | D:2      | Found a shimmering altar of Xom.
  1375 | D:2      | Found a white marble altar of Elyvilon.
  1487 | D:2      | Found a basalt altar of Yredelemnul.
  1574 | D:2      | Reached skill level 1 in Conjurations
  1574 | D:2      | Reached XP level 4. HP: 24/24 MP: 1/8
  2050 | D:3      | Reached skill level 5 in Earth Magic
  2175 | D:3      | Reached XP level 5. HP: 22/28 MP: 9/9
  2182 | D:3      | Learned a level 5 spell: Lee's Rapid Deconstruction
  2574 | D:3      | Found a blossoming altar of Fedhas.
  2609 | D:3      | Noticed Sigmund
  2742 | D:3      | Killed Sigmund
  2742 | D:3      | Reached XP level 6. HP: 32/32 MP: 10/12
  3024 | D:4      | Noticed a phantom
  3036 | D:4      | Killed a phantom
  3036 | D:4      | Reached skill level 6 in Earth Magic
  3173 | D:4      | Reached XP level 7. HP: 10/36 MP: 13/13
  3411 | D:4      | Found a hazy altar of Hepliaklqana.
  3411 | D:4      | Found a bloodstained altar of Trog.
  3436 | D:4      | Found an ancient bone altar of Kikubaaqudgha.
  3459 | D:4      | Noticed Duvessa
  3888 | D:4      | Noticed Pikel
  3902 | D:4      | Killed Pikel
  3902 | D:4      | Reached skill level 5 in Spellcasting
  3902 | D:4      | Reached skill level 5 in Conjurations
  3902 | D:4      | Reached skill level 7 in Earth Magic
  3902 | D:4      | Reached XP level 8. HP: 31/41 MP: 7/15
  4006 | D:4      | Noticed Dowan
  4102 | D:4      | Killed Duvessa
  4105 | D:4      | Killed Dowan
  4306 | D:5      | Entered Level 5 of the Dungeon
  4361 | D:5      | Reached skill level 1 in Fighting
  4361 | D:5      | Reached skill level 1 in Maces & Flails
  4361 | D:5      | Reached skill level 1 in Armour
  4396 | D:5      | Found a staircase to the Ecumenical Temple.
  4406 | D:5      | Found a glowing drain.
  4424 | D:5      | Reached skill level 1 in Evocations
  4434 | Sewer    | Entered a sewer
  4968 | Temple   | Entered the Ecumenical Temple
  5060 | Temple   | Became a worshipper of Vehumet
  5197 | D:5      | Reached XP level 9. HP: 23/48 MP: 7/17
  5480 | D:5      | Reached skill level 8 in Earth Magic
  5897 | D:6      | Reached * piety under Vehumet
  5897 | D:6      | Offered knowledge of Foxfire by Vehumet.
  7365 | D:7      | Offered knowledge of Shock by Vehumet.
  7451 | D:7      | Reached ** piety under Vehumet
  7552 | D:7      | Reached XP level 10. HP: 35/56 MP: 10/19
  8153 | D:7      | Found a burning altar of Makhleb.
  8365 | D:8      | Found Datojinauc's Food Shop.
  8467 | D:8      | Noticed Psyche
  8477 | D:8      | Killed Psyche
  8776 | D:8      | Found a staircase to the Lair.
  8780 | D:8      | Reached skill level 9 in Earth Magic
  9153 | D:9      | Noticed Erolcha
  9296 | D:9      | Offered knowledge of Dazzling Flash by Vehumet.
  9510 | D:9      | Killed Erolcha
  9819 | D:9      | Reached skill level 5 in Armour
  9836 | D:9      | Reached skill level 5 in Fighting
  9844 | D:9      | Reached *** piety under Vehumet
  9939 | D:9      | Found a glowing silver altar of Zin.
  9952 | D:9      | Reached XP level 11. HP: 59/63 MP: 21/21
 10417 | D:10     | Entered Level 10 of the Dungeon
 10670 | D:10     | Found a staircase to the Orcish Mines.
 10670 | D:10     | Found Jepteevu's Armour Shop.
 10671 | D:10     | Noticed Joseph
 10679 | D:10     | Offered knowledge of Fulminant Prism by Vehumet.
 10706 | D:10     | Killed Joseph
 11021 | D:10     | Reached skill level 5 in Maces & Flails
 11485 | D:11     | Reached **** piety under Vehumet
 11624 | D:11     | Offered knowledge of Iskenderun's Battlesphere by Vehumet.
 11625 | D:11     | Found a frozen archway.
 11635 | IceCv    | Entered an ice cave
 11644 | IceCv    | Reached skill level 5 in Evocations
 11671 | IceCv    | Reached skill level 10 in Earth Magic
 11799 | IceCv    | Mangled by a polar bear

Levels and vault maps discovered:
D:1:      tarquinn_simple_flora_water_a, layout_basic
D:2:      layout_rooms, kennysheep_ying_yang, chequers_serial_rivers_marsh,
          hangedman_decor_clover_reticule, xom_redecorated
D:3:      layout_basic, first_ration, fedhas_altar_fruit_tree, uniq_sigmund
D:4:      layout_loops_ring, chequers_temple_overflow_statue_of_worship,
          kiku_gazebo_garden_becter, uniq_duvessa, uniq_pikel
D:5:      layout_basic, minmay_temple_entry_mist, portal_sewer_entry_d
D:6:      kennysheep_six_static_rooms, layout_loops_corners, lightli_minifort
D:7:      layout_basic, lightli_temple_of_fire, minmay_statues_item
D:8:      layout_rooms, david_lair_shrubbed, serial_shops,
          nicolae_shop_waterfront, uniq_psyche
D:9:      layout_gridville, lemuel_doored_altar, uniq_erolcha
D:10:     layout_loops_cross, orc_david_3, grunt_pizzeria, uniq_joseph
D:11:     layout_cave_pools, portal_ice_cave_demonic_guard,
          kennysheep_flooded_box, feat_on_display
Temple:   regret_index_temple_generic_petals
IceCv:    ice_cave_small_giant

Skill      XL: |  1  2  3  4  5  6  7  8  9 10 11 |
---------------+----------------------------------+-----
Earth Magic    | 4 5 6 7 8 9 10 | 10.0
Conjurations   | 1 3 5 6 7 8 |  8.3
Spellcasting   | 3 4 5 6 7 |  7.5
Fighting       | 2 3 5 6 |  6.1
Maces & Flails | 1 3 4 5 |  5.4
Armour         | 2 3 5 6 |  6.0
Dodging        | 2 3 4 |  4.9
Evocations     | 1 3 4 5 |  5.1
Stealth        | |  2.1
Transmutations | |  0.7

Action                   |  1- 3 |  4- 6 |  7- 9 | 10-12 || total
-------------------------+-------+-------+-------+-------++-------
Melee: Unarmed           |    17 |       |       |       ||    17
       Short sword       |    38 |    91 |   344 |   327 ||   800
       Dagger            |     9 |       |       |       ||     9
 Cast: Sandblast         |    11 |    15 |    82 |   107 ||   215
       Stone Arrow       |       |     3 |     1 |    27 ||    31
       Lee's Rapid Decon |       |       |     4 |    14 ||    18
Evoke: Wand              |       |     1 |     3 |    20 ||    24
  Use: Scroll            |       |     9 |     6 |    10 ||    25
       Potion            |       |       |     1 |     1 ||     2
 Stab: Sleeping          |     3 |     3 |     5 |     1 ||    12
       Paralysed         |       |     5 |     8 |    10 ||    23
  Eat: Chunk             |     4 |    14 |    18 |    18 ||    54
Armor: Robe              |    27 |    34 |   130 |   182 ||   373
Dodge: Dodged            |    53 |    68 |   252 |   336 ||   709

Table legend:
 A = Non-vault XP
 B = Vault XP
 C = Vault XP percentage of total XP
 D = Non-vault monster count
 E = Vault monster count
 F = Vault count percentage of total count
                 A         B        C        D         E       F
            +---------+---------+-------+---------+---------+-------
      Total |    9813 |    6913 |  41.3 |     233 |      59 |  20.2
            +---------+---------+-------+---------+---------+-------
        D:1 |      31 |       0 |   0.0 |      18 |       0 |   0.0
        D:2 |      68 |       0 |   0.0 |      12 |       0 |   0.0
        D:3 |     141 |     227 |  61.7 |      24 |       1 |   4.0
        D:4 |     299 |     813 |  73.1 |      10 |       3 |  23.1
        D:5 |     856 |      13 |   1.5 |      27 |       1 |   3.6
        D:6 |    1208 |     261 |  17.8 |      29 |       7 |  19.4
        D:7 |    1019 |       0 |   0.0 |      35 |       0 |   0.0
        D:8 |     758 |     774 |  50.5 |      11 |       2 |  15.4
        D:9 |    2970 |     985 |  24.9 |      39 |       1 |   2.5
       D:10 |    1014 |    1037 |  50.6 |      11 |       8 |  42.1
       D:11 |    1449 |     687 |  32.2 |      17 |       2 |  10.5
      Sewer |       0 |      66 | 100.0 |       0 |      23 | 100.0
      IceCv |       0 |    2050 | 100.0 |       0 |      11 | 100.0
            +---------+---------+-------+---------+---------+-------
